 Dungeon Crawl Stone Soup version 0.21-a0-590-ge1710fc (webtiles) character file.

90 Bluekicks the Conjurer (level 4, -2/33 HPs)
             Began as a Draconian Conjurer on Dec 21, 2017.
             Slain by Sigmund
             ... wielding a +0 scythe
              (9 damage)
             ... on level 2 of the Dungeon.
             The game lasted 00:17:44 (1829 turns).

Bluekicks the Conjurer (Draconian Conjurer)         Turns: 1829, Time: 00:17:44

Health: -2/33      AC:  5    Str: 10    XL:     4   Next: 32%
Magic:  2/8        EV: 12    Int: 17    God:
Gold:   55         SH:  0    Dex: 11    Spells: 2/9 levels left

rFire    . . .     SeeInvis .   c - +0 mace
rCold    . . .     Gourm    .   (no shield)
rNeg     . . .     Faith    .   (armour unavailable)
rPois    .         Spirit   .   (helmet restricted)
rElec    .         Reflect  .   (no cloak)
rCorr    .         Harm     .   (no gloves)
MR       .....                  (no boots)
Stlth    ++........             (no amulet)
HPRegen  0.11/turn              (no ring)
MPRegen  0.11/turn              (no ring)

@: no status effects
A: unfitting armour, cold-blooded, AC +5
a: no special abilities


You were on level 2 of the Dungeon.
You were not hungry.

You visited 1 branch of the dungeon, and saw 2 of its levels.

You collected 55 gold pieces.

Inventory:

Hand Weapons
 c - a +0 mace (weapon)
 m - a +0 hunting sling
Missiles
 d - 39 bolts
 e - 64 stones (quivered)
 h - 7 arrows
Scrolls
 b - a scroll of enchant weapon {unknown}
 g - a scroll of remove curse {unknown}
 j - a scroll of identify {unknown}
 p - a scroll of teleportation {unknown}
Potions
 f - 2 potions of haste {unknown}
 i - a potion of agility {unknown}
 l - a potion of curing {unknown}
 o - a potion of degeneration {unknown}
Books
 a - a book of Conjurations

   Spells                             Type                      Level
   a - Magic Dart                     Conjuration                  1
   b - Searing Ray                    Conjuration                  2
   c - Dazzling Spray                 Conjuration/Hexes            3
   d - Fulminant Prism                Conjuration/Hexes            4
   e - Force Lance                    Conjuration/Translocation    4
   f - Iskenderun's Mystic Blast      Conjuration                  4
Comestibles
 k - a ration


   Skills:
 - Level 1.7 Dodging
 - Level 1.7 Stealth
 + Level 3.3 Spellcasting
 + Level 5.0 Conjurations


You had 2 spell levels left.
You knew the following spells:

 Your Spells              Type           Power        Failure   Level  Hunger
a - Magic Dart            Conj           ###.         2%          1    None
b - Searing Ray           Conj           ###...       3%          2    ##.....
c - Fulminant Prism       Conj/Hex       ##........   52%         4    ####...


Dungeon Overview and Level Annotations

Branches:
Dungeon (2/15)

Altars:

Annotations:
D:2 Sigmund


Innate Abilities, Weirdness & Mutations

Your plain brown scales are hard. (AC +5)
You cannot fit into any form of body armour.
You are cold-blooded and may be slowed by cold attacks.


Message History

The kobold barely misses you. Something hits you but does no damage.
You hit the kobold.
You kill the kobold!
Something barely misses you.
Casting: Searing Ray
Confirm with . or Enter, or press ? or * to list all spells.
You can't see any susceptible monsters within range! (Use Z to cast anyway.)
Casting: Searing Ray
Confirm with . or Enter, or press ? or * to list all spells.
You don't know that spell.
Casting: Searing Ray
Confirm with . or Enter, or press ? or * to list all spells.
Aiming: Searing Ray
Press: ? - help, Shift-Dir - straight line The searing ray hits something. (Press . to maintain the ray.)
Something hits you!
* * * LOW HITPOINT WARNING * * *
The searing ray hits something.
Something hits you!
You die...

#....# ## ... #....#
#.#....# #....# #......#
###### #....# #......
#...... ...### #......
##....... #...# # ..#..#
#......?. ##..## #.#.#..#
#........
##...####.#.##.###?...[(..
#..#............@†{.......
......#.###.##..##........
..###...#.......###.......
.####...#.......# #......
...#..#..)....#...# ######
##...####.....#.#..
##.....#.........##
##.##......>.#..#
###.###...#####...


There were no monsters in sight!

Vanquished Creatures
  Jessica (D:2)
  A gnoll (D:1)
  A worm (D:2)
  3 dart slugs (D:1)
  3 leopard geckos
  A ball python (D:2)
  2 bats
  A giant cockroach (D:1)
  4 goblins
  5 hobgoblins
  4 jackals (D:2)
  A quokka (D:2)
  2 frilled lizards (D:1)
  7 kobolds
  5 rats
41 creatures vanquished.

Notes
Turn   | Place    | Note
-------+----------+-------------------------------------------
     0 | D:1      | Bluekicks the Draconian Conjurer began the quest for the Orb.
     0 | D:1      | Reached XP level 1. HP: 14/14 MP: 3/3
   152 | D:1      | Reached XP level 2. HP: 20/20 MP: 0/5
   156 | D:1      | Learned a level 2 spell: Searing Ray
   765 | D:1      | Reached XP level 3. HP: 26/26 MP: 4/7
  1389 | D:2      | Noticed Jessica
  1393 | D:2      | Killed Jessica
  1393 | D:2      | Reached XP level 4. HP: 17/33 MP: 3/8
  1544 | D:2      | Learned a level 4 spell: Fulminant Prism
  1625 | D:2      | Reached skill level 5 in Conjurations
  1810 | D:2      | Noticed Sigmund
  1829 | D:2      | Slain by Sigmund

Vault maps used:
D:1:      dpeg_arrival_water_temple_mockup
D:2:      uniq_jessica, uniq_sigmund

Skill      XL: |  1  2  3  4 |
---------------+-------------+-----
Spellcasting   | 3 |  3.3
Conjurations   | 5 |  5.0
Dodging        | |  1.7
Stealth        | |  1.7

Action                   |  1- 3 |  4- 6 || total
-------------------------+-------+-------++-------
Melee: Mace              |    12 |    40 ||    52
       Tailslap          |       |     3 ||     3
 Cast: Magic Dart        |    36 |    14 ||    50
       Searing Ray       |     7 |     4 ||    11
  Eat: Ration            |     1 |       ||     1
Armor: Skin              |     2 |    14 ||    16
Dodge: Dodged            |    11 |    36 ||    47

Table legend:
 A = Spawn XP
 B = Non-spawn XP
 C = Spawn XP percentage of total XP
 D = Spawn monster count
 E = Non-spawn monster count
 F = Spawn count percentage of total count
 G = Total turns spent on level
                    A         B        C        D         E        F      G
               +---------+---------+-------+---------+---------+-------+---------
         Total |       0 |     129 |   0.0 |       0 |      41 |   0.0 |  1829
               +---------+---------+-------+---------+---------+-------+---------
           D:1 |       0 |      61 |   0.0 |       0 |      25 |   0.0 |  1389
           D:2 |       0 |      68 |   0.0 |       0 |      16 |   0.0 |   440
               +---------+---------+-------+---------+---------+-------+---------
